 Dungeon Crawl Stone Soup version 0.23.0 (webtiles) character file.

Game seed: 12327092442222479118

21 Borgoz the Sneak (level 2, 0/20 HPs)
             Began as a Ghoul Enchanter on Feb 17, 2019.
             Slain by a worker ant (7 damage)
             ... on level 2 of the Dungeon.
             The game lasted 00:02:02 (1376 turns).

Borgoz the Sneak (Ghoul Enchanter)                  Turns: 1376, Time: 00:02:03

Health: 0/20       AC:  2    Str: 11    XL:     2   Next: 87%
Magic:  2/3        EV: 12    Int: 10    God:
Gold:   21         SH:  0    Dex:  9    Spells: 3/4 levels left

rFire    . . .     SeeInvis .   a - +1 dagger
rCold    + . .     Gourm    .   (no shield)
rNeg     + + +     Faith    .   b - +0 robe
rPois    ∞         Spirit   .   (no helmet)
rElec    .         Reflect  .   (no cloak)
rCorr    .         Harm     .   (no gloves)
MR       .....                  (no boots)
Stlth    ++........             (no amulet)
HPRegen  0.00/turn              (no ring)
MPRegen  0.08/turn              (no ring)

@: flying, very slightly contaminated, rotting
A: rotting body, claws 1, carnivore, cold resistance 1, negative energy
resistance 3, inhibited regeneration, torment resistance, unbreathing
a: no special abilities


You were on level 2 of the Dungeon.
You were not hungry.

You visited 1 branch of the dungeon, and saw 2 of its levels.

You collected 21 gold pieces.

Inventory:

Hand Weapons
 a - a +1 dagger (weapon)
Armour
 b - a +0 robe (worn)
Scrolls
 e - 4 scrolls of identify {unknown}
 f - a scroll of magic mapping {unknown}
 g - a scroll of enchant armour {unknown}
 i - a scroll of remove curse {unknown}
 j - a scroll of enchant weapon {unknown}
 k - 3 scrolls of teleportation {unknown}
 l - a scroll of fear {unknown}
Potions
 h - a potion of lignification {unknown}
Comestibles
 d - 4 rations


   Skills:
 + Level 1.0 Short Blades
 + Level 1.9 Dodging
 + Level 4.0 Stealth
 + Level 1.8 Spellcasting
 + Level 2.7 Hexes


You had 3 spell levels left.
You knew the following spells:

 Your Spells              Type           Power        Failure   Level  Hunger
a - Corona                Hex            #......      11%         1    ##.....

Your spell library contained the following spells:

 Spells                   Type           Power        Failure   Level  Hunger
 Ensorcelled Hibernation  Hex/Ice        #.....       28%         2    ###....
 Confuse                  Hex            #.......     30%         3    ####...
 Tukima's Dance           Hex            #.......     30%         3    ####...
 Dazzling Spray           Conj/Hex       #.....       50%         3    ####...


Dungeon Overview and Level Annotations

Branches:
Dungeon (2/15)

Altars:
Uskayaw


Innate Abilities, Weirdness & Mutations

Your body is rotting away.
You thrive on raw meat.
You are immune to poison.
You have sharp fingernails.
You are carnivorous and can eat meat at any time.
Your flesh is cold resistant. (rC+)
You are immune to negative energy. (rN+++)
You do not regenerate when monsters are visible.
You are immune to unholy pain and torment.
You can survive without breathing.


Message History

The worker ant is lightly wounded.
The worker ant barely misses you.
You barely miss the worker ant.
The worker ant is lightly wounded.
The worker ant bites you.
Casting: Corona (safe; 11% risk of failure)
Confirm with . or Enter, or press ? or * to list all spells.
You don't know that spell.
Casting: Corona (safe; 11% risk of failure)
Confirm with . or Enter, or press ? or * to list all spells.
Aiming: Corona (safe; 11% risk of failure)
Press: ? - help, Shift-Dir - straight line, f - worker ant
Aim: a worker ant (lightly wounded, chance to defeat MR: 50%)
You miscast Corona.
You are very lightly contaminated with residual magic.
You feel off-balance for a moment. The worker ant bites you. x2
It was a potion of flight.
You feel very buoyant.
You fly up into the air.
The worker ant bites you!
You die...

#.... ##....
#..... #.....
#..... #....
###...####
#.....a@.#
.......##.# .
#########.# ..
###....# ##..
##......#
(#.###
##......##
(#...#
###....####
##.#.###....###
...........##


You could see a worker ant.

Vanquished Creatures
  2 dart slugs (D:1)
  A bat (D:1)
  4 giant cockroaches
  A goblin (D:1)
  A hobgoblin (D:1)
  3 kobolds (D:1)
  A frilled lizard (D:1)
  3 rats (D:1)
16 creatures vanquished.

Notes
Turn   | Place    | Note
-------+----------+-------------------------------------------
     0 | D:1      | Borgoz the Ghoul Enchanter began the quest for the Orb.
     0 | D:1      | Reached XP level 1. HP: 14/14 MP: 2/2
   694 | D:1      | Reached XP level 2. HP: 20/20 MP: 3/3
   996 | D:1      | Reached skill level 1 in Short Blades
  1307 | D:2      | Reached skill level 4 in Stealth
  1345 | D:2      | Found a hide-covered altar of Uskayaw.
  1346 | D:2      | Noticed a +0 hand axe
  1346 | D:2      | Noticed a +0 dagger
  1376 | D:2      | Slain by a worker ant

Skill      XL: |  1  2 |
---------------+-------+-----
Short Blades   | 1 |  1.0
Stealth        | 4 |  4.0
Dodging        | |  1.9
Spellcasting   | |  1.8
Hexes          | |  2.7

Action                   || total
-------------------------++-------
Melee: Dagger            ||    40
 Cast: Corona            ||     1
  Use: Potion            ||     1
 Stab: Sleeping          ||     6
  Eat: Chunk             ||     3
Armor: Robe              ||     2
Dodge: Dodged            ||    13
